 Dungeon Crawl Stone Soup version 0.31-a0-986-g5e6e4ef867 (webtiles) character file.

Game seed: 7544100239549392472

31 Zonian the Chiller (level 3, -10/19 HPs)
             Began as a Deep Elf Ice Elementalist on Nov 20, 2023.
             Mangled by a gnoll
             ... wielding a +0 halberd
              (12 damage)
             ... on level 2 of the Dungeon.
             The game lasted 00:04:20 (2022 turns).

Zonian the Chiller (Deep Elf Ice Elementalist)      Turns: 2022, Time: 00:04:21

Health: -10/19     AC:  3    Str:  5    XL:     3   Next: 7%
Magic:  10/10      EV: 13    Int: 21    God:
Gold:   139        SH:  0    Dex: 15    Spells: 8/9 levels left

rFire   . . .        i - +0 spear (venom) {polearm}
rCold   . . .        (no shield)
rNeg    . . .        a - +0 robe
rPois   .            (no helmet)
rElec   .            j - +0 cloak
rCorr   .            (no gloves)
SInv    .            (no boots)
Will    .....        (no amulet)
Stlth   ++           (no ring)
HPRegen 0.23/turn    (no ring)
MPRegen 0.12/turn

%: no passive effects
@: mighty
A: no striking features
a: no special abilities


You were on level 2 of the Dungeon.
You visited 1 branch of the dungeon, and saw 2 of its levels.

You collected 139 gold pieces.


   Skills:
 + Level 3.0 Dodging
 + Level 3.1 Stealth
 + Level 3.5 Spellcasting
 + Level 4.7 Ice Magic


You had 8 spell levels left.
You knew the following spells:

 Your Spells              Type           Power      Damage    Failure   Level
a - Freeze                Ice            92%        1d9       1%          1

Your spell library contained the following spells:

 Spells                   Type           Power      Damage    Failure   Level
 Frozen Ramparts          Ice            46%        1d7       5%          3
 Ozocubu's Armour         Ice            23%        N/A       5%          3
 Summon Ice Beast         Ice/Summ       13%        N/A       43%         4

Inventory:

Hand Weapons
 e - a +0 dagger {short}
   (You took it off a goblin on level 1 of the Dungeon)
 i - a +0 spear of venom (weapon) {polearm}
   (You found it on level 2 of the Dungeon)
Armour
 a - a +0 robe (worn)
 j - a +0 cloak (worn)
   (You found it on level 2 of the Dungeon)
Jewellery
 g - an amulet of guardian spirit
   (You found it on level 1 of the Dungeon)
Scrolls
 c - 2 scrolls of acquirement {unknown}
 d - a scroll of enchant armour {unknown}
 h - 3 scrolls of identify {unknown}
 l - a scroll of fog {unknown}
 m - a scroll of blinking {unknown}
Potions
 b - a potion of magic
 f - a potion of might
 k - a potion of resistance {unknown}

Dungeon Overview and Level Annotations

Branches:
Dungeon (2/15) Zot: 9976

Altars:

Shops:
D:1 =(= D:2

[ .........# #............##..#
.........# #..........##....
.........# #........##..#.#
.####################w'####...#.#
.# #...............# #...#.# .#
#.............### #...#.# ∩#
#..........g..# #...#.# ##
#.........ggg.######...#.# ####
###........@....'..........# ...#
#...(...........#####......# ...#
#...............#####.#....# ...#
#...##..........#...#.####.# ...#
#...##..........'...'.....>. ...#
#...##.(........#...#.###### .###
#...##..........#...#.<#.... .#
#...##..........#...#..#.### .#
#...##..........#...#..#....


You could see a worm and 4 gnolls.


Message History

No target in view!
A frilled lizard comes into view. 😎 HP[+3]
Your hp is fully restored (19).
A frilled lizard is nearby!
The frilled lizard hisses angrily.
You hit the frilled lizard but do no damage.
The frilled lizard is poisoned.
The frilled lizard closely misses you.
You closely miss the frilled lizard.
You kill the frilled lizard!
No target in view!
l - a scroll labelled CYSETZ GUKOSTYKK You open the door.
There is an open door here.
m - a scroll labelled FEUKHL ET KEISS As you open the door, it creaks loudly!
There is an open door here.
As you open the door, it creaks loudly!
There is an open door here.
You open the door.
There is an open door here.
Things that are here:
a +0 club {mace}; 5 stones {throwing}; a kobold corpse As you open the door, it creaks loudly!
There is an open door here.
h - 3 scrolls labelled DUNUAXT TOGRY (gained 1)
You open the large door.
A gnoll comes into view. It is wielding a +1 heavy spear.
A gnoll comes into view. It is wielding a +0 club.
The gnoll shouts!
There is a large open door here. 2 gnolls come into view.
A gnoll is wielding a +0 halberd.
A kobold comes into view. It is wielding a +0 short sword.
There is a large open door here.
A giant cockroach comes into view.
There is a stone staircase leading up here.
Unknown command.
There is a stone staircase leading up here.
Unknown command.
The gnoll hits you from afar with a +1 heavy spear!
Ouch! That really hurt!
* * * LOW HITPOINT WARNING * * *
😨 HP[-11]
You take 11 damage, and now have 8/19 hp.
MASSIVE DAMAGE!! (PAUSE)
The giant cockroach bites you but does no damage.
You climb upwards.
There is a stone staircase leading down here. 😨 HP[+1]
You start resting. 😎 HP[+10]
Your hp is fully restored (19).
You start waiting.
Done waiting.
There is a stone staircase leading down here.
Unknown command.
You climb downwards.
There is a stone staircase leading up here.
Unknown command.
You see here 6 stones {throwing}.
There is an open door here.
Things that are here:
5 stones {throwing}; a +0 club {mace}
There is an open door here.
The gnoll shouts!
The gnoll throws a stone.
The stone closely misses you.
The gnoll shouts!
The gnoll throws a throwing net.
The throwing net hits you.
You become entangled in the net!
There is a stone staircase leading up here.
You see here a throwing net {=f!fthrowing}.
You struggle against the net.
A worm comes into view.
The gnoll hits you from afar with a +1 heavy spear. 😮 HP[-5]
You take 5 damage, and now have 14/19 hp.
MASSIVE DAMAGE!! (PAUSE)
You struggle against the net.
Unknown command.
You struggle against the net.
The gnoll hits you from afar with a +1 heavy spear!
* * * LOW HITPOINT WARNING * * *
😨 HP[-8]
You take 8 damage, and now have 6/19 hp.
MASSIVE DAMAGE!! (PAUSE)
You struggle against the net.
The gnoll hits you from afar with a +1 heavy spear.
* * * LOW HITPOINT WARNING * * *
😨 HP[-1]
You take 1 damage, and now have 5/19 hp.
Unknown command.
It was a potion of might.
You feel very mighty all of a sudden.
You rip the net and break free!
The gnoll throws a stone.
The stone closely misses you. The gnoll misses you.
The gnoll hits you with a +0 club.
* * * LOW HITPOINT WARNING * * *
The gnoll hits you from afar with a +0 halberd!
Ouch! That really hurt!
You die...

Skill      XL: |  1  2 |
---------------+-------+-----
Stealth        | 3 |  3.1
Dodging        | 3 |  3.0
Spellcasting   | |  3.5
Ice Magic      | |  4.7

Action                     || total
---------------------------++-------
  Melee: Dagger            ||    17
         Spear             ||    11
   Cast: Freeze            ||    20
    Use: Potion            ||     1
   Stab: Sleeping          ||     8
 Armour: Robe              ||    21
  Dodge: Dodged            ||    18

Levels and vault maps discovered:
D:1:      dpeg_arrival_simpleton_c, layout_loops_corners, serial_shops,
          nicolae_shop_rolling_square, nicolae_lakefront_shop,
          nicolae_shop_bloodbath_and_beyond
D:2:      kennysheep_big_flooded_room, layout_basic, serial_shops, shop,
          kennysheep_boxes

Notes
Turn   | Place    | Note
-------+----------+-------------------------------------------
     0 | D:1      | Zonian the Deep Elf Ice Elementalist began the quest for
                  | the Orb.
     0 | D:1      | Reached XP level 1. HP: 10/10 MP: 6/6
     0 | D:1      | magus.rc [v1.9.6]
   102 | D:1      | HP: 2/10 [goblin/+0 dagger (3)]
   399 | D:1      | Found Moirphes's Jewellery Boutique.
   495 | D:1      | Reached XP level 2. HP: 15/15 MP: 8/8
   609 | D:1      | Found Veitebu's Jewellery Shoppe.
   762 | D:1      | Reached skill level 3 in Stealth
   784 | D:1      | Found Umuetaapt's Weapon Boutique.
  1117 | D:2      | Reached skill level 3 in Dodging
  1143 | D:2      | Reached XP level 3. HP: 16/19 MP: 7/10
  1178 | D:2      | Found Jolew's Antique Armour Shop.
  2022 | D:2      | HP: 2/19 [gnoll/+0 club (3)]
  2022 | D:2      | Mangled by a gnoll

Vanquished Creatures
  2 dart slugs (D:1)
  3 endoplasms
  A giant cockroach (D:1)
  2 goblins (D:1)
  2 hobgoblins
  4 quokkas
  4 ball pythons
  5 frilled lizards
  3 kobolds
26 creatures vanquished.

Table legend:
 A = Non-vault XP
 B = Vault XP
 C = Vault XP percentage of total XP
 D = Non-vault monster count
 E = Vault monster count
 F = Vault count percentage of total count
                 A         B        C        D         E       F
            +---------+---------+-------+---------+---------+-------
      Total |      45 |       0 |   0.0 |      26 |       0 |   0.0
            +---------+---------+-------+---------+---------+-------
        D:1 |      30 |       0 |   0.0 |      16 |       0 |   0.0
        D:2 |      15 |       0 |   0.0 |      10 |       0 |   0.0
            +---------+---------+-------+---------+---------+-------

Skill      XL: |  1  2 |
---------------+-------+-----
Stealth        | 3 |  3.1
Dodging        | 3 |  3.0
Spellcasting   | |  3.5
Ice Magic      | |  4.7

Action                     || total
---------------------------++-------
  Melee: Dagger            ||    17
         Spear             ||    11
   Cast: Freeze            ||    20
    Use: Potion            ||     1
   Stab: Sleeping          ||     8
 Armour: Robe              ||    21
  Dodge: Dodged            ||    18

Illustrated notes

Table legend:
 A = Kills in this place as a percentage of kills in the entire game.
 B = Kills by you in this place as a percentage of kills by you in the entire game.
 C = Kills by friends in this place as a percentage of kills by friends in the entire game.
 D = Other kills in this place as a percentage of other kills in the entire game.
 E = Experience gained in this place as a percentage of experience gained in the entire game.
 F = Experience gained in this place divided by the number of levels of this place that you have seen.
                   A       B       C       D       E      F
               +-------+-------+-------+-------+-------+----------------------
         Total | 100.0 | 100.0 |   N/A |   N/A | 100.0 |  22.5
       Dungeon | 100.0 | 100.0 |   N/A |   N/A | 100.0 |  22.5
               +-------+-------+-------+-------+-------+----------------------

Table legend: (Time is in decaauts)
 A = Elapsed time spent in this place.
 B = Non-inter-level travel time spent in this place.
 C = Inter-level travel time spent in this place.
 D = Time resting spent in this place.
 E = Time spent auto-exploring this place.
 F = Levels seen in this place.
 G = Mean time per level.
                   A        B        C        D        E       F      G
               +--------+--------+--------+--------+--------+-----+--------+
         Total |   2022 |   1930 |     92 |    177 |   1524 |   2 | 1011.0 |
       Dungeon |   2022 |   1930 |     92 |    177 |   1524 |   2 | 1011.0 |
               +--------+--------+--------+--------+--------+-----+--------+

Top non-repeatable levels by time:
     D:1: 1133 daAuts
     D:2: 889 daAuts
